[Event "42nd Olympiad Baku 2016 Open"]
[Site "Baku"]
[Date "2016.09.02"]
[Round "1.13"]
[White "Teklay Teshager"]
[Black "Thorfinnsson, Bragi"]
[Result "0-1"]
[ECO "A32"]
[WhiteElo "1868"]
[BlackElo "2430"]
[PlyCount "64"]
[EventDate "2016.??.??"]
[EventCountry "AZE"]
[WhiteTeam "Äthiopien"]
[BlackTeam "Island"]
[WhiteTeamCountry "ETH"]
[BlackTeamCountry "ISL"]
[TimeControl "40/5400+30:1800+30"]
[WhiteClock "0:21:35"]
[BlackClock "0:18:16"]

1. d4 {(00:00} Nf6 {(00:19} 2. c4 {(00:50} c5 {(
01:52} 3. Nf3 {(03:20} cxd4 {(04:22} 4. Nxd4 {(00:55}
e6 {(03:39} 5. e3 {(03:41} Bb4+ {(03:23} 6. Bd2 {
(01:50} Be7 {(00:34} 7. Be2 {(02:48} Nc6 {(04:
08} 8. Nc3 {(00:44} O-O {(03:21} 9. O-O {(00:26} b6 {
(03:45} 10. Ncb5 {(03:13} a6 {(03:56} 11. Nxc6 {
(01:48} dxc6 {(00:03} 12. Nd4 {(00:40} Qc7 {(00:
45} 13. Qc2 {(03:45} Bb7 {(02:46} 14. Bc3 {(01:39} c5
{(03:26} 15. Nf3 {(01:20} Qc6 {(01:37} 16. Rfd1 {
(05:11} b5 {(02:43} 17. Be5 {(05:38} h6 {(06:34]
} 18. Ne1 {(01:02} Rfc8 {(02:26} 19. Rd2 {(08:35} Qe8 {
(03:45} 20. Bf3 {(05:51} Bxf3 {(08:23} 21. Nxf3 {
(01:35} Nd7 {(00:04} 22. Rad1 {(01:55} Nb6 {(00:
25} 23. b3 {(01:58} a5 {(02:34} 24. Qe4 {(06:07} bxc4
{(08:46} 25. bxc4 {(02:04} Qa4 {(01:12} 26. Rc1 {
(07:00} Rd8 {(03:09} 27. Rdc2 {(02:27} f5 {(01:
36} 28. Qb7 {(03:28} Qxc2 {(00:12} 29. Rf1 {(01:14}
Nd7 {(01:50} 30. Bc7 {(01:22} Re8 {(03:36} 31. Bd6 {
(01:34} Bxd6 {(02:03} 32. Qxd7 {(00:25} Rad8 0-1

[Event "42nd Olympiad Baku 2016 Open"]
[Site "Baku"]
[Date "2016.09.02"]
[Round "1.29"]
[White "Thompson, Edward Nii Lamptey"]
[Black "Barrientos, Sergio E"]
[Result "0-1"]
[ECO "A61"]
[WhiteElo "1889"]
[BlackElo "2465"]
[PlyCount "76"]
[EventDate "2016.??.??"]
[EventCountry "AZE"]
[WhiteTeam "Ghana"]
[BlackTeam "Kolumbien"]
[WhiteTeamCountry "GHA"]
[BlackTeamCountry "COL"]
[TimeControl "40/5400+30:1800+30"]
[WhiteClock "0:06:53"]
[BlackClock "0:09:12"]

1. d4 {(00:15} Nf6 {(00:00} 2. Nf3 {(00:14} e6 {
(00:21} 3. c4 {(00:12} c5 {(00:09} 4. d5 {(01:
43} exd5 {(00:05} 5. cxd5 {(00:06} d6 {(00:08} 6. Nc3
{(00:12} g6 {(00:07} 7. Bg5 {(01:39} Bg7 {(00:
18} 8. e3 {(01:44} O-O {(00:36} 9. Be2 {(00:53} a6 {
(00:10} 10. a4 {(00:45} Nbd7 {(03:13} 11. O-O {(
01:55} Re8 {(00:41} 12. Nd2 {(06:03} h6 {(02:24} 13.
Bh4 {(00:08} Qc7 {(01:28} 14. Bg3 {(00:32} Ne5 {
(01:20} 15. h3 {(00:05} Rb8 {(03:42} 16. Qc2 {(
09:59} b6 {(03:58} 17. e4 {(05:52} Qe7 {(10:40} 18. f4
{(05:51} Ned7 {(00:03} 19. Bd3 {(00:14} Nh5 {(
04:13} 20. Bh2 {(00:15} g5 {(03:09} 21. e5 {(08:22}
Nxf4 {(15:52} 22. Bh7+ {(06:57} Kh8 {(00:18} 23. Bxf4 {
(00:05} gxf4 {(00:10} 24. exd6 {(03:27} Qxd6 {(
02:40} 25. Rae1 {(09:42} Bb7 {(03:03} 26. Nc4 {(02:17}
Qf6 {(00:27} 27. Rd1 {(03:35} Nf8 {(23:48} 28. Bf5 {
(02:17} Ng6 {(00:42} 29. Bd7 {(10:30} Red8 {(02:
19} 30. Ne4 {(01:54} Qe7 {(00:15} 31. Nxb6 {(03:30}
Rxd7 {(04:27} 32. Nxd7 {(00:09} Qxd7 {(00:07} 33. Qxc5
{(03:16} Rc8 {(01:53} 34. Qb4 {(01:46} Bxd5 {(
02:03} 35. Nd6 {(00:48} Qa7+ {(00:10} 36. Kh1 {(00:17}
Rb8 {(03:25} 37. Qd2 {(01:10} Bb3 {(01:02} 38. Rde1 {
(03:28} Qd7 {(00:22} 0-1

[Event "42nd Olympiad Baku 2016 Open"]
[Site "Baku"]
[Date "2016.09.02"]
[Round "1.6"]
[White "Tin, Jingyao"]
[Black "Molod, Jonathan"]
[Result "1-0"]
[ECO "A50"]
[WhiteElo "2439"]
[BlackElo "1943"]
[PlyCount "65"]
[EventDate "2016.??.??"]
[EventCountry "AZE"]
[WhiteTeam "Singapur"]
[BlackTeam "GUM"]
[WhiteTeamCountry "SIN"]
[TimeControl "40/5400+30:1800+30"]
[WhiteClock "0:08:19"]
[BlackClock "0:04:20"]

1. d4 {(00:00} Nf6 {(00:00} 2. c4 {(00:00} c6 {(
03:58} 3. Nf3 {(00:16} g6 {(00:34} 4. Nc3 {(00:16} d6
{(00:57} 5. e4 {(00:49} Bg4 {(02:28} 6. Be2 {(
03:10} Bg7 {(04:51} 7. O-O {(04:37} O-O {(00:55} 8.
Be3 {(00:32} Nbd7 {(01:50} 9. Qc2 {(18:11} Qc7 {
(03:49} 10. Rad1 {(06:02} Rad8 {(06:30} 11. Rd2 {
(03:05} c5 {(20:58} 12. b3 {(13:53} a6 {(07:33}
13. h3 {(01:40} Bxf3 {(02:09} 14. Bxf3 {(00:11} Rc8 {
(00:49} 15. a4 {(01:18} Qa5 {(01:24} 16. Rb1 {(
05:47} Rfd8 {(06:56} 17. e5 {(17:00} dxe5 {(09:40} 18.
dxc5 {(00:26} Qc7 {(05:09} 19. Rbd1 {(03:03} e6 {
(06:00} 20. b4 {(01:24} Bf8 {(00:40} 21. a5 {(
00:41} Be7 {(00:37} 22. Ne4 {(10:01} Nxe4 {(01:02} 23.
Qxe4 {(00:22} Rb8 {(03:54} 24. Bh6 {(02:36} f5 {
(01:36} 25. Rxd7 {(00:41} Rxd7 {(00:37} 26. Rxd7 {
(00:06} fxe4 {(02:48} 27. Rxc7 {(00:07} exf3 {(
01:09} 28. Rxe7 {(00:08} e4 {(00:42} 29. b5 {(00:35}
e5 {(00:48} 30. bxa6 {(00:44} bxa6 {(00:12} 31. c6 {
(00:11} Rc8 {(00:41} 32. Rg7+ {(00:13} Kh8 {(00:
24} 33. Rd7 {(00:06} 1-0

[Event "42nd Olympiad Baku 2016 Open"]
[Site "Baku"]
[Date "2016.09.02"]
[Round "1.37"]
[White "Tissir, Mohamed"]
[Black "Giri, Anish"]
[Result "0-1"]
[ECO "B87"]
[WhiteElo "2388"]
[BlackElo "2755"]
[PlyCount "77"]
[EventDate "2016.??.??"]
[EventCountry "AZE"]
[WhiteTeam "Marokko"]
[BlackTeam "Niederlande"]
[WhiteTeamCountry "MAR"]
[BlackTeamCountry "NED"]
[TimeControl "40/5400+30:1800+30"]
[WhiteClock "0:00:32"]
[BlackClock "0:23:58"]

1. e4 {(00:00} c5 {(00:00} 2. Nf3 {(00:00} d6 {(
00:00} 3. d4 {(00:18} cxd4 {(00:00} 4. Nxd4 {(00:05}
Nf6 {(00:00} 5. Nc3 {(00:07} a6 {(00:00} 6. Bc4 {
(01:17} e6 {(00:08} 7. Bb3 {(00:06} b5 {(00:22}
8. O-O {(04:21} Be7 {(00:16} 9. Qf3 {(04:56} Qc7 {
(01:01} 10. Qg3 {(08:43} O-O {(00:45} 11. Bh6 {(
00:37} Ne8 {(00:11} 12. Rfe1 {(00:28} Bf6 {(16:04} 13.
Nf3 {(30:28} Nc6 {(07:51} 14. Rad1 {(06:33} Bb7 {
(01:15} 15. Bf4 {(06:34} Rd8 {(04:18} 16. h4 {(
03:25} Kh8 {(04:46} 17. Rd3 {(07:59} Ne5 {(18:44} 18.
Bxe5 {(10:11} dxe5 {(00:13} 19. Rxd8 {(00:05} Qxd8 {
(01:38} 20. Rd1 {(03:28} Qc7 {(00:41} 21. a3 {(
00:02} g6 {(03:49} 22. Ng5 {(03:42} Bc8 {(05:48} 23.
Qd3 {(03:45} Be7 {(01:27} 24. Qe2 {(03:43} Nf6 {
(01:11} 25. Rd3 {(00:10} h6 {(01:41} 26. Nf3 {(
00:57} Kg7 {(00:32} 27. Nb1 {(00:47} Bc5 {(01:43} 28.
Nh2 {(00:36} a5 {(03:33} 29. c3 {(00:25} Ba6 {(
00:22} 30. Rf3 {(00:29} Qc6 {(00:44} 31. Nd2 {(00:40}
a4 {(02:41} 32. Bc2 {(00:29} b4 {(00:10} 33. Qe1 {
(00:31} bxa3 {(00:34} 34. bxa3 {(00:01} Rd8 {(
00:59} 35. Ndf1 {(00:56} Bxa3 {(00:53} 36. Qa1 {(00:31]
} Bc5 {(00:16} 37. Bxa4 {(00:31} Qxe4 {(00:15} 38. Ng3
{(00:32} Qxh4 {(00:11} 39. Bc6 0-1

[Event "42nd Olympiad Baku 2016 Open"]
[Site "Baku"]
[Date "2016.09.02"]
[Round "1.2"]
[White "Tomashevsky, Evgeny"]
[Black "Anwuli Daniel"]
[Result "1-0"]
[ECO "A30"]
[WhiteElo "2731"]
[BlackElo "2336"]
[PlyCount "71"]
[EventDate "2016.??.??"]
[EventCountry "AZE"]
[WhiteTeam "Russland"]
[BlackTeam "Nigeria"]
[WhiteTeamCountry "RUS"]
[BlackTeamCountry "NGR"]
[TimeControl "40/5400+30:1800+30"]
[WhiteClock "0:03:48"]
[BlackClock "0:03:09"]

1. c4 {(00:00} c5 {(00:58} 2. Nf3 {(00:28} Nc6 {
(00:28} 3. Nc3 {(01:45} g6 {(01:30} 4. e3 {(07:
37} Nf6 {(02:41} 5. d4 {(00:49} cxd4 {(01:16} 6. exd4
{(00:13} d5 {(03:39} 7. cxd5 {(02:32} Nxd5 {(00:
26} 8. Qb3 {(01:02} Nxc3 {(02:32} 9. Bc4 {(02:37} e6 {
(02:43} 10. bxc3 {(01:28} Qc7 {(04:48} 11. O-O {
(07:13} Bd7 {(00:46} 12. Bd3 {(23:04} Na5 {(01:
42} 13. Qc2 {(04:22} Rc8 {(00:46} 14. Qe2 {(00:55} Bg7
{(02:16} 15. Ba3 {(06:48} Nc4 {(10:16} 16. Bb4 {
(02:35} Nd6 {(08:12} 17. c4 {(08:39} O-O {(02:
20} 18. Rac1 {(02:02} Rfe8 {(03:30} 19. Qd2 {(06:05}
b6 {(03:46} 20. h3 {(04:49} Bc6 {(04:29} 21. d5 {
(03:24} Ba8 {(03:12} 22. c5 {(00:34} bxc5 {(01:
56} 23. Rxc5 {(00:05} Qb6 {(02:45} 24. Rxc8 {(02:28}
Nxc8 {(07:56} 25. dxe6 {(01:40} Rxe6 {(00:57} 26. Bc4 {
(02:13} Rf6 {(14:28} 27. Rd1 {(03:06} h6 {(02:
45} 28. Ne5 {(00:57} Kh7 {(03:34} 29. Nd7 {(01:05} Qc6
{(02:07} 30. Nxf6+ {(00:10} Qxf6 {(00:01} 31. Bd5 {
(00:53} Bxd5 {(00:36} 32. Qxd5 {(00:02} Nb6 {(
00:23} 33. Qb3 {(01:50} Qf5 {(00:58} 34. Bc3 {(00:10}
Bxc3 {(02:17} 35. Qxc3 {(00:02} Qh5 {(01:22} 36. Rd8
1-0

[Event "42nd Olympiad Baku 2016 Open"]
[Site "Baku"]
[Date "2016.09.02"]
[Round "1.5"]
[White "Topalov, Veselin"]
[Black "Nadir, Samir"]
[Result "1-0"]
[ECO "D11"]
[WhiteElo "2768"]
[BlackElo "2199"]
[PlyCount "61"]
[EventDate "2016.??.??"]
[EventCountry "AZE"]
[WhiteTeam "Bulgarien"]
[BlackTeam "Sudan"]
[WhiteTeamCountry "BUL"]
[BlackTeamCountry "SUD"]
[TimeControl "40/5400+30:1800+30"]
[WhiteClock "0:53:46"]
[BlackClock "0:00:41"]

1. d4 {(00:00} d5 {(00:00} 2. c4 {(00:00} c6 {(
00:27} 3. Nf3 {(00:21} e6 {(01:32} 4. e3 {(01:24} f5 {
(01:15} 5. Bd3 {(00:43} Nf6 {(00:15} 6. O-O {(
00:53} Bd6 {(01:17} 7. b3 {(00:07} Qe7 {(01:43} 8. Nc3
{(00:39} O-O {(00:31} 9. Bb2 {(00:12} Ne4 {(03:
21} 10. Ne2 {(00:22} Nd7 {(01:06} 11. Rc1 {(03:59} Qf6
{(06:22} 12. Rc2 {(01:38} Ng5 {(05:20} 13. Ne1 {
(10:25} Qh6 {(04:13} 14. g3 {(05:21} Nf6 {(06:
05} 15. f3 {(00:05} Bd7 {(14:19} 16. Qc1 {(01:04} Nf7
{(08:36} 17. f4 {(02:44} a5 {(09:54} 18. a4 {(
00:56} g5 {(06:04} 19. Nf3 {(01:05} Ne4 {(06:18} 20.
Ba3 {(00:38} Be8 {(07:57} 21. Bxe4 {(03:31} Bxa3 {
(01:13} 22. Qxa3 {(00:09} fxe4 {(00:48} 23. Ne5 {
(04:36} Nxe5 {(02:50} 24. dxe5 {(00:06} Bh5 {(
00:41} 25. Nd4 {(00:41} gxf4 {(00:57} 26. Rxf4 {(04:15]
} Rxf4 {(01:17} 27. exf4 {(00:05} dxc4 {(04:18} 28.
bxc4 {(01:24} Rd8 {(02:29} 29. Rd2 {(01:20} Qg6 {
(02:29} 30. Nxe6 {(02:54} Re8 {(00:42} 31. Nc5 {
(00:07} 1-0

[Event "42nd Olympiad Baku 2016 Open"]
[Site "Baku"]
[Date "2016.09.02"]
[Round "1.30"]
[White "Torre, Eugenio"]
[Black "Belzo, Krzysztof"]
[Result "1-0"]
[ECO "D02"]
[WhiteElo "2447"]
[BlackElo "2044"]
[PlyCount "99"]
[EventDate "2016.??.??"]
[EventCountry "AZE"]
[WhiteTeam "Philippinen"]
[BlackTeam "Kanalinseln"]
[WhiteTeamCountry "PHI"]
[BlackTeamCountry "JCI"]
[TimeControl "40/5400+30:1800+30"]
[WhiteClock "0:45:41"]
[BlackClock "0:32:33"]

1. d4 {(00:06} Nf6 {(00:00} 2. Nf3 {(00:32} d5 {
(00:42} 3. Bf4 {(01:28} Bf5 {(02:26} 4. e3 {(00:
22} e6 {(00:23} 5. Bd3 {(00:42} Bg6 {(07:45} 6. Ne5 {
(03:11} Bd6 {(03:49} 7. Bg5 {(02:42} Nbd7 {(01:
51} 8. f4 {(07:42} Be7 {(05:30} 9. Nxg6 {(03:32} hxg6
{(00:04} 10. Nd2 {(01:02} Nh5 {(04:02} 11. Bxe7 {
(01:01} Qxe7 {(00:06} 12. O-O {(00:11} f5 {(12:
22} 13. Nf3 {(00:54} Nhf6 {(02:47} 14. c4 {(08:08} c6
{(19:13} 15. Qe1 {(04:43} Ne4 {(03:52} 16. Bxe4 {
(03:13} dxe4 {(05:21} 17. Ng5 {(00:58} e5 {(01:
15} 18. Qa5 {(13:14} exf4 {(02:54} 19. exf4 {(00:03}
Nf8 {(12:22} 20. d5 {(02:25} b6 {(06:04} 21. Qc3 {
(06:55} cxd5 {(02:58} 22. cxd5 {(01:17} Qc5+ {(
00:50} 23. Qxc5 bxc5 {(00:03} 24. Rac1 {(00:28} Rc8 {(
00:17} 25. Rc3 {(03:17} Nd7 {(01:35} 26. Rfc1 {(00:13}
Rb8 {(01:26} 27. b3 {(00:56} Ke7 {(00:36} 28. Ne6 {
(04:02} Nf6 {(01:14} 29. Rxc5 {(00:48} Nxd5 {(
00:55} 30. Rxd5 {(00:10} Kxe6 31. Re5+ {(00:07} Kf6 {(
01:11} 32. Rc6+ {(00:09} Kf7 {(00:05} 33. Rc7+ {(00:34]
} Kf6 {(00:03} 34. Rxa7 {(02:33} Rhd8 {(01:26} 35. h3 {
(00:37} Rd2 {(01:23} 36. Rc5 {(07:54} Rb6 {(00:
01} 37. Rcc7 {(00:21} e3 {(01:00} 38. Rf7+ {(01:47}
Ke6 {(00:01} 39. Rfe7+ {(00:33} Kf6 {(00:12} 40. Rxe3 {
(00:23} Rb4 {(00:29} 41. Ra6+ {(33:14} Kf7 {(30:
11} 42. Rf3 {(04:05} Re4 {(01:13} 43. a4 {(00:32} Ree2
{(00:00} 44. Rg3 {(00:00} Rf2 {(00:00} 45. Raxg6 {
(00:00} Rxf4 {(00:00} 46. Rxg7+ {(00:00} Kf6 {(
00:00} 47. R3g6+ {(00:00} Ke5 {(00:00} 48. Re7+ {(00:
00} Kd4 {(00:00} 49. Rd6+ {(00:00} Kc3 {(00:00} 50.
Rc7+ {(00:00} 1-0

[Event "42nd Olympiad Baku 2016 Open"]
[Site "Baku"]
[Date "2016.09.02"]
[Round "1.3"]
[White "Urkedal, Frode"]
[Black "Kett, Tim"]
[Result "1-0"]
[ECO "C57"]
[WhiteElo "2537"]
[BlackElo "2227"]
[PlyCount "75"]
[EventDate "2016.??.??"]
[EventCountry "AZE"]
[WhiteTeam "Norwegen"]
[BlackTeam "Wales"]
[WhiteTeamCountry "NOR"]
[BlackTeamCountry "WLS"]
[TimeControl "40/5400+30:1800+30"]
[WhiteClock "0:34:32"]
[BlackClock "0:00:36"]

1. e4 {(00:00} e5 {(00:24} 2. Nf3 {(00:00} Nc6 {
(00:10} 3. Bc4 {(00:00} Nf6 {(00:19} 4. Ng5 {(
00:46} d5 {(05:52} 5. exd5 {(00:06} b5 {(00:52} 6. Bf1
{(01:04} Nd4 {(00:15} 7. c3 {(00:25} Nxd5 {(00:
19} 8. cxd4 {(05:17} Qxg5 {(00:11} 9. Bxb5+ {(00:13}
Kd8 {(00:11} 10. O-O {(00:10} Bb7 {(01:12} 11. Qf3 {
(00:05} exd4 {(24:32} 12. d3 {(02:06} Qe5 {(22:
00} 13. Nd2 {(10:39} Bd6 {(02:50} 14. g3 {(01:02} Qf6
{(16:17} 15. Qg4 {(06:05} Qe6 {(00:49} 16. Qxe6 {
(07:36} fxe6 {(00:11} 17. Re1 {(00:42} e5 {(02:
55} 18. Nc4 {(02:20} a6 {(01:28} 19. Ba4 {(05:10} Nb6
{(00:39} 20. Bg5+ {(05:25} Kc8 {(00:09} 21. Nxb6+ {
(12:20} cxb6 {(00:12} 22. f4 {(00:33} b5 {(16:
43} 23. fxe5 {(00:40} Bb4 {(01:33} 24. Rec1+ {(00:32}
Kd7 {(00:12} 25. Bb3 {(00:46} Rae8 {(01:15} 26. e6+ {
(01:05} Rxe6 {(00:11} 27. Bxe6+ {(00:08} Kxe6 {(
00:05} 28. Rc7 {(00:30} Bd5 {(00:27} 29. a3 {(00:59}
Ba5 {(01:41} 30. Rxg7 {(01:11} Rc8 {(00:10} 31. b4 {
(00:16} Bb6 {(00:51} 32. Re1+ {(00:14} Kf5 {(00:
27} 33. h3 {(01:03} h5 {(00:26} 34. g4+ {(03:15} hxg4
{(00:05} 35. hxg4+ {(00:05} Kxg4 {(00:07} 36. Bd8+ {
(00:37} Kf5 {(01:27} 37. Rf1+ {(00:55} Ke6 {(00:
27} 38. Rf6+ {(00:08} 1-0

[Event "42nd Olympiad Baku 2016 Open"]
[Site "Baku"]
[Date "2016.09.02"]
[Round "1.9"]
[White "Vallejo Pons, Francisco"]
[Black "Rayes, Abdul Kader"]
[Result "1-0"]
[ECO "C77"]
[WhiteElo "2716"]
[BlackElo "2254"]
[PlyCount "69"]
[EventDate "2016.??.??"]
[EventCountry "AZE"]
[WhiteTeam "Spanien"]
[BlackTeam "Syrien"]
[WhiteTeamCountry "ESP"]
[BlackTeamCountry "SYR"]
[TimeControl "40/5400+30:1800+30"]
[WhiteClock "0:02:08"]
[BlackClock "0:00:33"]

1. e4 {(00:00} e5 {(00:00} 2. Nf3 {(00:00} Nc6 {
(00:07} 3. Bb5 {(00:00} a6 {(00:10} 4. Ba4 {(00:
00} Nf6 {(00:18} 5. d3 {(00:03} d6 {(03:10} 6. c3 {
(00:19} Bd7 {(01:30} 7. Nbd2 {(01:53} g6 {(04:
55} 8. Nf1 {(01:09} Bg7 {(01:55} 9. Ng3 {(03:21} O-O {
(07:12} 10. O-O {(00:54} Qe8 {(02:19} 11. Re1 {(
07:10} Kh8 {(13:28} 12. Bc2 {(09:12} Ng8 {(08:22} 13.
d4 {(03:40} Bg4 {(05:25} 14. dxe5 Nxe5 {(06:01} 15. Bf4
{(18:32} Qe7 {(10:06} 16. Bxe5 {(10:49} dxe5 {(
03:11} 17. h3 {(02:19} Rad8 {(01:29} 18. Qe2 {(00:41}
Be6 {(00:11} 19. Bb3 {(05:08} Rd6 {(03:28} 20. Nf1 {
(05:07} Rfd8 {(07:49} 21. Ne3 {(02:25} c6 {(06:
55} 22. h4 {(07:50} h6 {(02:48} 23. h5 {(04:44} Kh7 {
(00:34} 24. g3 {(02:15} Nf6 {(02:23} 25. hxg6+ {
(08:06} fxg6 {(00:08} 26. Bc2 {(01:54} Bf7 {(03:
52} 27. Kg2 {(00:23} Kg8 {(01:33} 28. Nc4 {(01:52} Re6
{(00:55} 29. Bb3 {(00:08} Nh7 {(00:28} 30. Rad1 {
(00:39} Rf8 {(02:40} 31. Nb6 {(01:34} Rd6 {(01:
31} 32. Bxf7+ {(00:42} Kxf7 {(00:30} 33. Qc4+ {(00:37}
Kf6 {(00:34} 34. Nxe5 {(01:11} Rfd8 {(00:30} 35. Ng4+ {
(00:45} 1-0

[Event "42nd Olympiad Baku 2016 Open"]
[Site "Baku"]
[Date "2016.09.02"]
[Round "1.7"]
[White "Van den Heever, Donovan"]
[Black "Simelane Wandile"]
[Result "1-0"]
[ECO "B12"]
[WhiteElo "2247"]
[BlackElo "1615"]
[PlyCount "75"]
[EventDate "2016.??.??"]
[EventCountry "AZE"]
[WhiteTeam "Südafrika"]
[BlackTeam "SWZ"]
[WhiteTeamCountry "RSA"]
[TimeControl "40/5400+30:1800+30"]
[WhiteClock "0:48:42"]
[BlackClock "0:00:34"]

1. e4 {(00:00} c6 {(02:40} 2. d4 {(00:00} d5 {(
00:08} 3. e5 {(00:10} Bf5 {(01:37} 4. Ne2 {(00:28} e6
{(02:14} 5. Ng3 {(00:09} Bg6 {(00:55} 6. h4 {(
00:26} h6 {(01:25} 7. h5 {(00:15} Bh7 {(00:21} 8. Bd3
{(00:11} Bxd3 {(01:24} 9. cxd3 {(00:01} Nd7 {(
01:53} 10. Nc3 {(05:52} Qb6 {(09:39} 11. Nce2 {(08:35}
Bb4+ {(12:03} 12. Kf1 {(09:14} f6 {(18:43} 13. Be3 {
(03:34} O-O-O {(03:44} 14. a3 {(00:55} Be7 {(00:
52} 15. b4 {(00:28} Qc7 {(06:25} 16. Bf4 {(03:23} fxe5
{(04:30} 17. dxe5 {(00:22} Nf8 {(02:40} 18. d4 {
(06:05} g5 {(01:19} 19. Be3 {(00:48} Nd7 {(01:
41} 20. b5 {(01:36} Nb6 {(02:23} 21. bxc6 {(00:56}
bxc6 {(00:18} 22. Kg1 {(01:19} Nc4 {(01:18} 23. Qa4 {
(02:23} Nxe3 {(02:23} 24. fxe3 {(00:16} Kd7 {(
00:43} 25. Kh2 {(03:40} Bf8 {(02:19} 26. e4 {(01:59}
Ne7 {(00:49} 27. Rhf1 {(00:54} Bg7 {(02:44} 28. Rf7 {
(00:25} Rhg8 {(00:19} 29. exd5 {(00:40} exd5 {(
04:37} 30. Nf5 {(01:13} Bxe5+ {(02:30} 31. dxe5 {(00:
06} Qxe5+ {(02:06} 32. Neg3 {(00:18} Rge8 {(02:03} 33.
Qxa7+ {(00:35} Qc7 {(01:25} 34. Qc5 {(01:44} Ke6 {
(03:13} 35. Rxe7+ {(00:19} Rxe7 {(01:07} 36. Re1+ {
(00:07} Kf6 {(02:41} 37. Rxe7 {(00:14} d4 {(00:
45} 38. Rxc7 {(00:38} 1-0

[Event "42nd Olympiad Baku 2016 Open"]
[Site "Baku"]
[Date "2016.09.02"]
[Round "1.17"]
[White "Vandenbussche, Thibaut"]
[Black "Santos da Costa, Jose Manuel"]
[Result "1-0"]
[ECO "B12"]
[WhiteElo "2401"]
[BlackElo "1960"]
[PlyCount "75"]
[EventDate "2016.??.??"]
[EventCountry "AZE"]
[WhiteTeam "Belgien"]
[BlackTeam "STP"]
[WhiteTeamCountry "BEL"]
[TimeControl "40/5400+30:1800+30"]
[WhiteClock "0:36:41"]
[BlackClock "0:07:35"]

1. e4 {(00:00} c6 {(00:00} 2. d4 {(00:00} d5 {(
00:00} 3. e5 {(00:00} Bf5 {(00:00} 4. h4 {(00:06} h6 {
(00:13} 5. g4 {(00:26} Bg6 {(01:09} 6. h5 {(00:
16} Bh7 {(00:04} 7. e6 {(00:21} fxe6 {(02:04} 8. Bd3 {
(00:08} e5 {(16:49} 9. Bxh7 {(03:11} Rxh7 {(00:
53} 10. dxe5 {(00:04} d4 {(13:39} 11. Qd3 {(03:30} Qd5
{(00:38} 12. Nf3 {(03:38} Rh8 {(00:29} 13. Qg6+ {
(04:51} Kd8 {(01:35} 14. Qf5 {(05:03} Ke8 {(18:
15} 15. O-O {(04:13} e6 {(07:07} 16. Qg6+ {(00:30} Ke7
{(00:09} 17. Nbd2 {(05:53} Nd7 {(02:14} 18. c4 {
(04:07} dxc3 {(01:51} 19. bxc3 {(00:03} c5 {(12:
57} 20. c4 {(03:32} Qc6 {(00:01} 21. Ne4 {(01:00} Kd8
{(00:06} 22. Re1 {(04:22} Ne7 {(01:50} 23. Qf7 {
(00:10} Kc7 {(02:41} 24. Ba3 {(02:26} b6 {(00:
08} 25. Rad1 {(00:52} Rd8 {(00:31} 26. Nc3 {(09:00}
Nf5 {(02:48} 27. gxf5 {(05:48} Qxf3 {(01:05} 28. Re3 {
(02:25} Qg4+ {(02:27} 29. Rg3 {(00:16} Qxf5 {(
00:08} 30. Nb5+ {(01:33} Kc6 {(00:54} 31. Nxa7+ {(00:
23} Kc7 {(00:12} 32. Nb5+ {(00:15} Kc6 {(00:00} 33.
Qxf5 {(00:26} exf5 {(00:04} 34. e6 {(01:10} Be7 {
(07:07} 35. exd7 {(00:38} Bf6 {(00:16} 36. Rd6+ {
(00:45} Kb7 {(00:09} 37. Re3 {(00:48} Rhf8 {(00:
22} 38. Ree6 {(00:10} 1-0

[Event "42nd Olympiad Baku 2016 Open"]
[Site "Baku"]
[Date "2016.09.02"]
[Round "1.18"]
[White "Vasquez Schroeder, Rodrigo"]
[Black "Frick, Renato"]
[Result "1-0"]
[ECO "B30"]
[WhiteElo "2546"]
[BlackElo "2000"]
[PlyCount "75"]
[EventDate "2016.??.??"]
[EventCountry "AZE"]
[WhiteTeam "Chile"]
[BlackTeam "Liechtenstein"]
[WhiteTeamCountry "CHI"]
[BlackTeamCountry "LIE"]
[TimeControl "40/5400+30:1800+30"]
[WhiteClock "0:06:47"]
[BlackClock "0:03:10"]

1. e4 {(00:00} c5 {(00:00} 2. Nf3 {(00:00} Nc6 {
(00:00} 3. Bb5 {(00:00} e6 {(01:59} 4. O-O {(02:
43} Nge7 {(00:08} 5. d4 {(01:28} cxd4 {(03:04} 6. Nxd4
{(00:07} Qb6 {(04:04} 7. Nxc6 {(02:28} Nxc6 {(
05:05} 8. Bd3 {(06:18} Be7 {(05:16} 9. Kh1 {(04:33}
O-O {(10:04} 10. f4 {(08:01} Rd8 {(04:52} 11. Nd2 {
(02:27} d5 {(00:59} 12. e5 {(01:40} g6 {(03:33}
13. a3 {(06:25} h5 {(09:17} 14. c3 {(20:38} Kg7 {
(04:45} 15. b4 {(01:19} Bd7 {(01:32} 16. Qe2 {(
04:40} Rac8 {(04:28} 17. Nf3 {(00:58} Rh8 {(05:41} 18.
Bd2 {(02:54} Qd8 {(08:43} 19. g3 {(00:21} f5 {(
08:19} 20. h3 {(06:24} Rc7 {(10:05} 21. Kg2 {(02:27}
Qe8 {(03:13} 22. Rh1 {(01:18} Qf7 {(02:46} 23. Raf1 {
(00:52} Rcc8 {(00:18} 24. Rhg1 {(06:46} a6 {(01:
14} 25. Be3 {(00:58} Rh7 {(00:51} 26. Rc1 {(01:38} Qe8
{(00:48} 27. Kf2 {(00:28} Nd8 {(00:19} 28. g4 {(
00:23} Nf7 {(00:14} 29. gxf5 {(00:43} exf5 {(00:02}
30. Rg2 {(06:11} Be6 {(00:19} 31. Rcg1 {(00:27} Rh6 {
(00:22} 32. Qd2 {(02:43} Qd8 {(00:42} 33. Nd4 {(
00:13} Bh4+ {(00:54} 34. Ke2 {(00:36} Qd7 {(00:19} 35.
Qc2 {(01:13} Kh7 {(00:09} 36. Nxe6 {(01:03} Qxe6 {
(00:03} 37. Rxg6 {(00:25} Rxc3 {(00:53} 38. Rg7+ {
(00:25} 1-0